 Dungeon Crawl Stone Soup version 0.28.0 (webtiles) character file.

Game seed: 10708841443017650862

242 Jepp2078 the Caller (level 5, -6/38 HPs)
             Began as a Demigod Summoner on Feb 16, 2022.
             Killed by divine providence
             ... invoked by an orc priest
              (13 damage)
             ... on level 4 of the Dungeon.
             The game lasted 00:14:44 (5412 turns).

Jepp2078 the Caller (Demigod Summoner)              Turns: 5412, Time: 00:14:45

Health: -6/38      AC:  4    Str:  6 (9)  XL:     5   Next: 51%
Magic:  9/13       EV: 12    Int: 19 (21) God:
Gold:   114        SH:  5    Dex: 13 (14) Spells: 7/11 levels left

rFire   . . .      SeeInvis .   l - +1 whip
rCold   . . .      Faith    .   (no shield)
rNeg    . . .      Spirit   .   a - +0 robe
rPois   .          Reflect  +   (no helmet)
rElec   .          Harm     .   (no cloak)
rCorr   .          Rampage  .   e - +1 pair of gloves
Will    .....                   (no boots)
Stlth   ++........              c - amulet of reflection
HPRegen 0.12/turn               (no ring)
MPRegen 0.13/turn               (no ring)

@: flying
A: high MP 1, forlorn, divine attributes
a: no special abilities


You were on level 4 of the Dungeon.
You visited 1 branch of the dungeon, and saw 4 of its levels.

You collected 114 gold pieces.

Inventory:

Hand Weapons
 l - a +1 whip (weapon)
Missiles
 k - 4 poisoned darts
Armour
 a - a +0 robe (worn)
 b - the +4 ring mail of Usher {Str+3 Stlth+}
   (You found it on level 4 of the Dungeon)

   Str:       It affects your strength (+3).
   Stlth:     It makes you more stealthy.
 e - a +1 pair of gloves (worn)
Jewellery
 c - an amulet of reflection (around neck)
 m - a +4 ring of evasion
Potions
 d - a potion of flight
 f - 2 potions of curing {unknown}
 g - a potion of heal wounds {unknown}
 h - a potion of haste {unknown}
 i - 2 potions of degeneration
 n - a potion of might {unknown}


   Skills:
 - Level 1.7 Dodging
 - Level 1.7 Stealth
 + Level 3.8 Spellcasting
 + Level 5.2 Summonings


You had 7 spell levels left.
You knew the following spells:

 Your Spells              Type           Power      Damage    Failure   Level
a - Summon Small Mammal   Summ           92%        N/A       1%          1
b - Call Canine Familiar  Summ           23%        N/A       4%          3

Your spell library contained the following spells:

 Spells                   Type           Power      Damage    Failure   Level
 Call Imp                 Summ           23%        N/A       2%          2
 Animate Skeleton         Necr           6%         N/A       14%         1
 Pain                     Necr           12%        1d4       14%         1
 Summon Guardian Golem    Hex/Summ       13%        N/A       14%         3
 Vampiric Draining        Necr           3%         2d6       38%         3
 Summon Lightning Spire   Summ/Air       13%        N/A       43%         4


Dungeon Overview and Level Annotations

Branches:
Dungeon (4/15)
 Temple: D:4-7

Shops:
D:1 :

Annotations:
D:1 exclusion: downstairs


Innate Abilities, Weirdness & Mutations

You have an increased reservoir of magic. (+10% MP)
You shall have no god before yourself.
Your divine heritage dramatically boosts your attributes as you level up.


Message History

Your hound bites the orc priest but does no damage.
The orc priest closely misses your hound.
The orc hits your bat with a +0 hand axe.
Your bat dies!
Your bat's corpse disappears in a puff of smoke!
You block the orc's attack. The orc barely misses your hound.
Your hound barely misses the orc.
Your hound closely misses the orc.
Your hound writhes in agony!
Your hound dies!
Your hound's corpse disappears in a puff of smoke!
Your quokka bites the orc.
Unknown command.
Okay, then.
You aren't carrying any scrolls.
Unknown command.
Your quokka barely misses the orc.
It was a potion of degeneration.
There was something very wrong with that liquid.
You feel weakened.
You feel dopey.
You feel clumsy. You block the orc priest's attack.
Your quokka bites the orc.
It was a potion of flight.
You feel very buoyant.
You fly up into the air.
The orc priest mumbles some strange prayers to Beogh against your quokka.
Your quokka is smitten.
Your quokka dies!
Your quokka's corpse disappears in a puff of smoke!
The orc priest closely misses you. You block the orc's attack.
Casting: Call Canine Familiar (dangerous; 4% risk of failure)
Press: ? - help, Q - select action, (/) - cycle Dir - look around, f - activate The orc priest shouts!
The orc priest hits you with a +0 club.
* * * LOW HITPOINT WARNING * * *
The orc hits you with a +0 hand axe.
* * * LOW HITPOINT WARNING * * *
The orc closely misses your hound.
Your hound bites the orc priest.
The orc priest calls down the wrath of Beogh upon you.
Beogh smites you!
You die...

#####....### #.....## #
##..## #....## # #.>.#
##...## .S..#. ##..##
#...## ......# ##..###...#
# ..<.... #.......########
....... ##...#...........
#..... ##...####......###
#.... #@..## #..#.###
#...#######..## #..#.#####
#........oo## ##..#......
#.......oh.# ###...#.###.#
#..........####.....#.###.#
#...........#....##.#.###.#
#..####........####.......#
#.# ###...>.## #######.# #.
#....## #......


You could see 2 orc priests, an orc and a friendly hound (summoned).

Vanquished Creatures
  A gnoll (D:4)
  2 adders (D:2)
  An adder skeleton (D:4)
  A dart slug (D:1)
  2 orcs (D:4)
  2 endoplasms (D:1)
  A giant cockroach (D:1)
  3 goblins
  A hobgoblin (D:3)
  3 jackals (D:1)
  4 quokkas
  5 bats
  3 rats
29 creatures vanquished.

Vanquished Creatures (collateral kills)
  An orc priest (D:4)
  Jessica (D:2)
  2 adders
  3 gnolls (D:4)
  An ufetubus (D:4)
  2 worms
  2 dart slugs
  3 orcs (D:4)
  6 ball pythons
  A bat (D:1)
  6 endoplasms
  2 giant cockroaches
  5 goblins
  5 hobgoblins
  2 jackals (D:2)
  4 kobolds
  2 quokkas (D:2)
  5 frilled lizards
  2 rats (D:2)
55 creatures vanquished.

Grand Total: 84 creatures vanquished

Notes
Turn   | Place    | Note
-------+----------+-------------------------------------------
     0 | D:1      | Jepp2078 the Demigod Summoner began the quest for the Orb.
     0 | D:1      | Reached XP level 1. HP: 14/14 MP: 5/5
   432 | D:1      | Reached XP level 2. HP: 3/20 MP: 4/7
   923 | D:1      | Reached skill level 4 in Summonings
  1164 | D:1      | Found Omyzam's Book Boutique.
  1568 | D:1      | Reached XP level 3. HP: 21/26 MP: 9/9
  1921 | D:2      | Noticed Jessica
  2039 | D:2      | Killed Jessica
  2397 | D:2      | You fall into a shaft and drop 1 floor!
  2458 | D:3      | Reached XP level 4. HP: 8/33 MP: 6/11
  3669 | D:3      | Learned a level 3 spell: Call Canine Familiar
  4307 | D:4      | Identified the +4 ring mail of Usher {Str+3 Stlth+}
  4414 | D:4      | Reached skill level 5 in Summonings
  4414 | D:4      | Reached XP level 5. HP: 31/38 MP: 11/13
  5412 | D:4      | Killed from afar by an orc priest

Illustrated notes

Levels and vault maps discovered:
D:1:      erik_arrival_orb_chamber, layout_loops_cross,
          hellmonk_ecumenical_altar_zigzags, serial_shops,
          nicolae_shop_waterfront
D:2:      layout_basic, uniq_jessica
D:3:      layout_basic
D:4:      layout_layer_cave, minmay_misc_feat_encased, corner_web_ring,
          hex_large, uniq_eustachio

Skill      XL: |  1  2  3  4 |
---------------+-------------+-----
Spellcasting   | 2 3 |  3.8
Summonings     | 4 5 |  5.2
Dodging        | |  1.7
Stealth        | |  1.7

Action                   |  1- 3 |  4- 6 || total
-------------------------+-------+-------++-------
Melee: Unarmed           |    18 |       ||    18
       Short sword       |    70 |    15 ||    85
       Punch             |     2 |     1 ||     3
       Whip              |       |    39 ||    39
 Cast: Summon Small Mamm |    55 |    21 ||    76
       Call Canine Famil |       |    19 ||    19
  Use: Scroll            |       |     3 ||     3
       Potion            |       |     2 ||     2
 Stab: Distracted        |     2 |       ||     2
       Sleeping          |     1 |     2 ||     3
Armor: Robe              |    27 |    13 ||    40
Dodge: Dodged            |    72 |    31 ||   103
Block: Other             |    25 |    13 ||    38
       Reflection        |     1 |       ||     1
